 Dungeon Crawl Stone Soup version 0.19.4-8-ga85b6b9 (webtiles) character file.

4228 JeffiDaFish the Stinger (level 10, -2/56 HPs)
             Began as a Gargoyle Venom Mage on Feb 8, 2017.
             Was a Priest of Sif Muna.
             Slain by a harpy (shapeshifter) (8 damage)
             ... on level 8 of the Dungeon.
             The game lasted 00:34:44 (7300 turns).

JeffiDaFish the Stinger (Gargoyle Venom Mage)       Turns: 7300, Time: 00:34:44

Health: -2/56      AC: 16    Str: 10 (13) XL:     10   Next: 30%
Magic:  8/18       EV: 12    Int: 16      God:    Sif Muna [***...]
Gold:   261        SH:  0    Dex: 11 (12) Spells: 4 memorised, 10 levels left

rFire  . . .     SeeInvis .     l - +0 rapier
rCold  + . .     Gourm    .     r - +3 leather armour
rNeg   + + .     Faith    .     (no shield)
rPois  ∞         Spirit   .     (no helmet)
rElec  +         Reflect  .     (no cloak)
rCorr  .         Harm     .     d - +2 pair of gloves
MR     .....                    (no boots)
Stlth  +++.......               e - amulet of rage
                                h - ring of protection from cold
                                n - ring of positive energy

@: no status effects
A: negative energy resistance 1, electricity resistance, unbreathing,
petrification resistance, rot immunity, AC +7
a: Divine Energy, Channel Magic, Renounce Religion, Evoke Berserk Rage


You were on level 8 of the Dungeon.
You worshipped Sif Muna.
Sif Muna was most pleased with you.
You were hungry.

You visited 2 branches of the dungeon, and saw 9 of its levels.

You collected 261 gold pieces.

Inventory:

Hand Weapons
 l - a +0 rapier (weapon)
Armour
 d - a +2 pair of gloves (worn)
 r - a +3 leather armour (worn)
Jewellery
 e - an amulet of rage (around neck)
 h - a ring of protection from cold (right hand)
 n - a ring of positive energy (left hand)
Wands
 g - a wand of iceblast (8/15)
Scrolls
 j - 4 scrolls of remove curse
 k - 6 scrolls of identify
 m - 2 scrolls of recharging
Books
 b - a Young Poisoner's Handbook

   Spells                             Type                      Level
   a - Sting                          Conjuration/Poison           1
   b - Mephitic Cloud                 Conjuration/Poison/Air       3
   c - Olgreb's Toxic Radiance        Poison                       4
   d - Alistair's Intoxication        Transmutation/Poison         5
   e - Venom Bolt                     Conjuration/Poison           5
 i - a book of Changes

   Spells                             Type                      Level
   a - Beastly Appendage              Transmutation                1
   b - Sticks to Snakes               Transmutation                2
   c - Spider Form                    Transmutation/Poison         3
   d - Ice Form                       Ice/Transmutation            4
   e - Blade Hands                    Transmutation                5
Comestibles
 a - a beef jerky
 c - 6 bread rations
 f - 4 meat rations
 q - 2 fruits


   Skills:
 + Level 4.0 Fighting
 + Level 3.6 Short Blades
 + Level 3.3 Dodging
 * Level 7.2 Stealth
 * Level 5.6 Spellcasting
 * Level 6.5 Conjurations
 + Level 2.7 Transmutations
 + Level 2.6 Air Magic
 * Level 7.3 Poison Magic


You had 10 spell levels left.
You knew the following spells:

 Your Spells              Type           Power        Failure   Level  Hunger
a - Sting                 Conj/Pois      ####         1%          1    None
b - Mephitic Cloud        Conj/Pois/Air  ###.....     10%         3    ###....
c - Olgreb's Toxic Radia  Pois           ####....     12%         4    ####...
d - Sticks to Snakes      Tmut           ##......     12%         2    #......


Dungeon Overview and Level Annotations

Branches:
Dungeon (8/15)             Temple (1/1) D:7
   Lair: D:8-11

Altars:
Dithmenos
Kikubaaqudgha
Nemelex Xobeh
Qazlal
Ru
Sif Muna
Uskayaw
Yredelemnul
Zin

Shops:
D:8 %


Innate Abilities, Weirdness & Mutations

You are resistant to torment.
Your stone body is resilient. (AC +7)
You are immune to poison.
You resist negative energy. (rN+)
You are resistant to electric shocks. (rElec)
You can survive without breathing.
You are immune to petrification.
You are immune to rotting.


Message History

The harpy misses you. The harpy claws you.
Casting: Sting
Confirm with . or Enter, or press ? or * to list all spells.
You don't know that spell.
Casting: Sting
Confirm with . or Enter, or press ? or * to list all spells.
You begin to radiate toxic energy.
You are feeling hungry.
The harpy claws you! The harpy claws you but does no damage.
The harpy claws you.
* * * LOW HITPOINT WARNING * * *
The harpy barely misses you. The harpy claws you.
* * * LOW HITPOINT WARNING * * *
The harpy claws you but does no damage.
You aren't carrying any potions.
Okay, then.
Your toxic aura wanes.
The harpy claws you!
You die...

##.##.....##
#.#.......#
#.#.......#
#.#.......#
#.##.....#
#.# #..§#
#.####.##
##')##.H##
#...##@.#
##...##†##
##..÷..÷##
##......##
#.......#
#.......#.%#
#.......#..#
##.....#####
##...##


You could see a harpy.

Vanquished Creatures
  Pikel (D:6)
  A troll (D:8)
  Prince Ribbit (D:6)
  4 hippogriffs
  Sigmund (D:2)
  Duvessa (D:7)
  3 orc warriors
  3 sky beasts
  An ice beast (D:6)
  A phantom (D:8)
  A slave (D:6)
  2 necrophages
  3 ogres
  2 centaurs
  A big kobold (D:7)
  5 bullfrogs
  Dowan (D:7)
  3 crimson imps
  A jelly (D:5)
  A bullfrog skeleton (D:7)
  5 hounds
  4 orc wizards (D:7)
  2 iguanas (D:8)
  3 worker ants
  12 gnolls
  A worker ant zombie (D:7)
  14 adders
  A shadow imp (D:8)
  An adder zombie (D:5)
  An adder skeleton (D:5)
  4 worms
  2 leopard geckos
  9 orcs
  7 bats
  2 giant cockroaches (D:3)
  9 goblins
  9 hobgoblins
  2 jackals (D:7)
  4 quokkas
  2 ball pythons
  3 frilled lizards
  2 gnoll zombies (D:7)
  A jackal zombie (D:8)
  10 kobolds
  A leopard gecko skeleton (D:4)
  6 rats
154 creatures vanquished.

Vanquished Creatures (others)
  2 slaves (D:6)
  An orc wizard (D:6)
  2 orcs (D:6)
5 creatures vanquished.

Grand Total: 159 creatures vanquished

Notes
Turn   | Place    | Note
-------+----------+-------------------------------------------
     0 | D:1      | JeffiDaFish the Gargoyle Venom Mage began the quest for the Orb.
     0 | D:1      | Reached XP level 1. HP: 10/10 MP: 3/3
   736 | D:1      | Reached XP level 2. HP: 15/15 MP: 5/5
   947 | D:2      | Found an ancient bone altar of Kikubaaqudgha.
   987 | D:2      | Noticed Sigmund
  1348 | D:2      | Reached XP level 3. HP: 19/19 MP: 2/6
  1387 | D:3      | Reached skill level 1 in Conjurations
  1516 | D:3      | Reached XP level 4. HP: 24/24 MP: 2/7
  1532 | D:3      | Learned a level 3 spell: Mephitic Cloud
  1640 | D:3      | Found a shadowy altar of Dithmenos.
  2068 | D:2      | Killed Sigmund
  2068 | D:2      | Reached skill level 1 in Fighting
  2068 | D:2      | Reached skill level 1 in Short Blades
  2068 | D:2      | Reached skill level 5 in Poison Magic
  2068 | D:2      | Reached XP level 5. HP: 29/29 MP: 2/9
  2068 | D:2      | Reached XP level 6. HP: 34/34 MP: 2/10
  2183 | D:3      | Learned a level 4 spell: Olgreb's Toxic Radiance
  2621 | D:4      | Learned a level 2 spell: Sticks to Snakes
  2673 | D:4      | Found a glowing silver altar of Zin.
  2673 | D:4      | Found a stormy altar of Qazlal.
  2873 | D:4      | Found a deep blue altar of Sif Muna.
  2978 | D:4      | Became a worshipper of Sif Muna the Loreminder
  3231 | D:5      | Entered Level 5 of the Dungeon
  3489 | D:4      | Reached skill level 1 in Air Magic
  3644 | D:5      | Reached XP level 7. HP: 38/38 MP: 11/11
  4188 | D:6      | Reached skill level 1 in Transmutations
  4284 | D:6      | Noticed Prince Ribbit
  4305 | D:6      | Killed Prince Ribbit
  4305 | D:6      | Reached XP level 8. HP: 20/44 MP: 2/13
  4481 | D:6      | Noticed Pikel
  4514 | D:6      | Killed Pikel
  4514 | D:6      | Reached * piety under Sif Muna
  4514 | D:6      | Reached skill level 5 in Stealth
  4711 | D:6      | Found a sacrificial altar of Ru.
  4886 | D:6      | You fall through a shaft!
  4886 | D:7      | Found a sparkling altar of Nemelex Xobeh.
  4895 | D:7      | Noticed Duvessa
  4900 | D:7      | Noticed Dowan
  4912 | D:7      | Found a staircase to the Ecumenical Temple.
  4939 | D:7      | Reached XP level 9. HP: 40/49 MP: 3/15
  4967 | D:7      | Killed Dowan
  4967 | D:7      | Reached skill level 5 in Conjurations
  5027 | Temple   | Entered the Ecumenical Temple
  5254 | D:7      | Killed Duvessa
  5361 | D:7      | Found a basalt altar of Yredelemnul.
  5493 | D:7      | Reached ** piety under Sif Muna
  5861 | D:7      | Reached skill level 5 in Spellcasting
  6255 | D:8      | Found Naamury's Food Shop.
  6381 | D:8      | Found a hide-covered altar of Uskayaw.
  6474 | D:8      | Reached XP level 10. HP: 44/56 MP: 17/17
  6776 | D:8      | Found a runed door.
  6958 | D:8      | Reached *** piety under Sif Muna
  7290 | D:8      | Noticed a harpy
  7300 | D:8      | Slain by a harpy (shapeshifter)

Skill      XL: |  1  2  3  4  5  6  7  8  9 10 |
---------------+-------------------------------+-----
Conjurations   | 1 2 4 6 |  6.5
Fighting       | 1 2 3 4 |  4.0
Short Blades   | 1 2 3 |  3.6
Dodging        | 2 3 |  3.3
Stealth        | 3 4 5 7 |  7.2
Poison Magic   | 5 6 7 |  7.3
Spellcasting   | 3 4 5 |  5.6
Air Magic      | 1 2 |  2.6
Transmutations | 1 2 |  2.7

Action                   |  1- 3 |  4- 6 |  7- 9 | 10-12 || total
-------------------------+-------+-------+-------+-------++-------
Melee: Dagger            |    15 |       |       |       ||    15
       Short sword       |    85 |    75 |    33 |       ||   193
       Rapier            |       |       |   419 |   116 ||   535
 Cast: Sting             |    36 |    59 |    26 |     1 ||   122
       Mephitic Cloud    |       |     6 |    27 |    16 ||    49
       Olgreb's Toxic Ra |       |       |     5 |     1 ||     6
  Use: Scroll            |     8 |     5 |     6 |     1 ||    20
       Potion            |       |     4 |     7 |     2 ||    13
 Stab: Sleeping          |     2 |     3 |     4 |       ||     9
       Confused          |       |     3 |    17 |     6 ||    26
  Eat: Chunk             |     2 |     8 |    13 |     2 ||    25
       Pizza             |       |       |     1 |       ||     1
       Fruit             |       |       |       |     2 ||     2
Armor: Robe              |    46 |    28 |       |       ||    74
       Leather armour    |       |     2 |   224 |    73 ||   299
Dodge: Dodged            |    94 |    48 |   241 |    80 ||   463
